 Dungeon Crawl Stone Soup version 0.29.0-11-gd7f09526c8 (webtiles) character file.

Game seed: 8755381848845939351

80 RascalDebosk the Trooper (level 4, 0/39 HPs)
             Began as a Ghoul Monk on Sept 2, 2022.
             Constricted to death by Robin (2 damage)
             ... on level 2 of the Dungeon.
             The game lasted 00:15:41 (1687 turns).

RascalDebosk the Trooper (Ghoul Monk)               Turns: 1687, Time: 00:15:42

Health: 0/39       AC:  2    Str: 16    XL:     4   Next: 39%
Magic:  4/4        EV:  9    Int:  5    God:
Gold:   30         SH:  0    Dex: 11    Spells: 3/3 levels left

rFire   . . .      SeeInvis .   g - +2 dagger (flame)
rCold   + . .      Faith    .   (no shield)
rNeg    + + +      Spirit   .   a - +0 robe
rPois   ∞          Reflect  .   i - +0 hat
rElec   .          Harm     .   (no cloak)
rCorr   .          Rampage  .   (no gloves)
Will    .....                   (no boots)
Stlth   ++........              (no amulet)
HPRegen 0.00/turn               (no ring)
MPRegen 0.09/turn               (no ring)

@: grasped by roots, inhibited regen, constricted
A: claws 1, cold resistance 1, negative energy resistance 3, inhibited
regeneration, torment resistance 2, devour on kill
a: no special abilities


You were on level 2 of the Dungeon.
You visited 1 branch of the dungeon, and saw 2 of its levels.

You collected 30 gold pieces.

Inventory:

Hand Weapons
 g - a +2 dagger of flaming (weapon)
Armour
 a - a +0 robe (worn)
 i - a +0 hat (worn)
Scrolls
 c - a scroll of identify {unknown}
 d - 2 scrolls of teleportation {unknown}
 e - a scroll of enchant armour {unknown}
Potions
 b - a potion of ambrosia
 f - a potion of curing
 h - a potion of lignification {unknown}


   Skills:
 + Level 3.6 Fighting
 + Level 1.3 Throwing
 + Level 3.0 Dodging
 + Level 2.7 Stealth
 + Level 3.5 Unarmed Combat
 + Level 1.7 Invocations
 * Level 1.0 Evocations


You had 3 spell levels left.
You didn't know any spells.
Your spell library was empty.

Dungeon Overview and Level Annotations

Branches:
Dungeon (2/15)

Altars:

Annotations:
D:2 Robin


Innate Abilities, Weirdness & Mutations

You are immune to poison.
You have sharp fingernails.
Your flesh is cold resistant. (rC+)
You are immune to negative energy. (rN+++)
You do not regenerate when monsters are visible.
You are immune to unholy pain and torment.
You thrive by killing the living.


Message History

The goblin attacks as you move away!
The goblin hits you with a +1 dagger of venom.
Robin closely misses you.
You hit Robin. You burn Robin.
Robin is lightly wounded.
The hobgoblin no longer looks unusually strong.
The goblin hits you with a +1 dagger of venom.
Robin's horned helmet rattles.
Robin roars a battlecry!
The hobgoblin goes into a battle-frenzy!
You hit Robin. You burn Robin. Your claw misses Robin.
Robin is moderately wounded.
The goblin hits you with a +1 dagger of venom!
* * * LOW HITPOINT WARNING * * *
Robin hits you with a +0 club.
* * * LOW HITPOINT WARNING * * *
It was a potion of curing.
You feel better.
The goblin hits you with a +1 dagger of venom.
Robin hits you with a +0 club.
* * * LOW HITPOINT WARNING * * *
You closely miss Robin.
Robin is moderately wounded.
The goblin hits you with a +1 dagger of venom.
* * * LOW HITPOINT WARNING * * *
Robin hits you but does no damage.
You hit Robin. You burn Robin.
Robin is moderately wounded.
The goblin hits you but does no damage. Robin misses you.
You hit Robin. You burn Robin.
Robin is severely wounded.
The goblin hits you but does no damage. Robin hits you but does no damage.
You barely miss Robin.
Robin is severely wounded.
The goblin hits you with a +1 dagger of venom.
* * * LOW HITPOINT WARNING * * *
Robin zaps a wand.
The roots erupt in riotous growth!
The grasping roots grab you!
Robin is unaffected.
The goblin is unaffected.
The grasping roots constrict you.
You die...

..# #. .## #. .#
#. #### ##.##
..... ...# ...###
######..# #....
..!...gg#
#..############g##
#..#........).gg@#
#..#....##########
#..####.#
...####.#
........#
######### ..# ..#
..#


You could see Robin, a hobgoblin (strong) and 3 goblins.

Vanquished Creatures
  An adder (D:2)
  A worm (D:2)
  2 dart slugs (D:1)
  7 bats
  6 endoplasms
  3 giant cockroaches
  8 goblins
  9 hobgoblins
  A quokka (D:1)
  9 ball pythons
  2 frilled lizards (D:1)
  4 kobolds
  2 rats (D:1)
55 creatures vanquished.

Notes
Turn   | Place    | Note
-------+----------+-------------------------------------------
     0 | D:1      | RascalDebosk the Ghoul Monk began the quest for the Orb.
     0 | D:1      | Reached XP level 1. HP: 19/19 MP: 0/0
   225 | D:1      | Reached XP level 2. HP: 17/26 MP: 1/1
   601 | D:1      | Reached XP level 3. HP: 26/31 MP: 2/2
   715 | D:1      | Reached skill level 1 in Invocations
  1107 | D:2      | Reached skill level 1 in Throwing
  1380 | D:2      | Reached XP level 4. HP: 32/38 MP: 4/4
  1662 | D:2      | Noticed Robin
  1673 | D:2      | Reached skill level 1 in Evocations
  1687 | D:2      | Constricted to death by Robin

Illustrated notes

Levels and vault maps discovered:
D:1:      noname_arrival_rooms_in_the_neighbourhood, layout_basic
D:2:      layout_basic, due_unseen_surprise, uniq_robin

Skill      XL: |  1  2  3  4 |
---------------+-------------+-----
Invocations    | 1 |  1.7
Throwing       | 1 |  1.3
Dodging        | 3 |  3.0
Evocations     | 1 |  1.0
Fighting       | |  3.6
Stealth        | |  2.7
Unarmed Combat | |  3.5

Action                   |  1- 3 |  4- 6 || total
-------------------------+-------+-------++-------
Melee: Unarmed           |   109 |       ||   109
       Punch             |     4 |       ||     4
       Dagger            |    22 |    39 ||    61
  Use: Potion            |       |     1 ||     1
 Stab: Sleeping          |     5 |       ||     5
       Distracted        |     2 |       ||     2
Armor: Robe              |    33 |     7 ||    40
Dodge: Dodged            |   106 |    19 ||   125
